 Dungeon Crawl Stone Soup version 0.30-a0-965-g42e074c17a (webtiles) character file.

Game seed: 2839625782197895445

3420 cforsyth the Basher (level 10, -8/83 HPs)
             Began as a Formicid Fighter on Mar 30, 2023.
             Was a Priest of Ru.
             Engulfed by a fire crab's flame (22 damage)
             ... on level 8 of the Dungeon.
             The game lasted 00:11:19 (7991 turns).

cforsyth the Basher (Formicid Fighter)              Turns: 7991, Time: 00:11:20

Health: -8/83      AC: 12    Str: 25    XL:     10   Next: 25%
Magic:  10/10      EV:  7    Int:  6    God:    Ru [***...]
Gold:   431        SH: 15    Dex: 16    Spells: 9/9 levels left

rFire   . . .      SeeInvis +    A - +1 hammer "Wetzifau" {venom, rN+ Int-2 Dex+3}
rCold   . . .      Faith    .    y - +0 kite shield
rNeg    + . .      Spirit   .    x - +0 chain mail
rPois   .          Reflect  +    (helmet unavailable)
rElec   .          Rampage  .    F - +2 cloak {Stlth+}
rCorr   .                        (no gloves)
Will    +....                    (no boots) Stlth
                                 n - amulet of reflection
HPRegen 0.33/turn                (no ring)
MPRegen 0.12/turn                (no ring)

@: attractive, invisible, unable to read
A: permanent stasis, dig shafts and tunnels, antennae 3, inability to read after
injury 2, hated by all, four strong arms
a: Dig, Shaft Self, Renounce Religion, Draw Out Power


You were on level 8 of the Dungeon.
You worshipped Ru.
Ru was most pleased with you.
You visited 1 branch of the dungeon, and saw 8 of its levels.

You collected 431 gold pieces.

Inventory:

Hand Weapons
 a - a +0 flail
 j - a +1 whip of flaming
 t - a +2 mace of venom
 w - a +1 morningstar
 A - the +1 hammer "Wetzifau" (weapon) {venom, rN+ Int-2 Dex+3}
   (You found it on level 6 of the Dungeon)

   Int:       It affects your intelligence (-2).
   Dex:       It affects your dexterity (+3).
   rN:        It protects you from negative energy.
 E - a +3 mace
Armour
 x - a +0 chain mail (worn)
 y - a +0 kite shield (worn)
 F - a +2 cloak of stealth (worn)
Jewellery
 n - an amulet of reflection (around neck)
Wands
 e - a wand of flame (17)
Scrolls
 b - a scroll of silence {unknown}
 g - a scroll of identify
 h - 2 scrolls of poison
 k - a scroll of enchant weapon
 m - a scroll of enchant armour {unknown}
 o - a scroll of vulnerability {unknown}
 q - a scroll of brand weapon {unknown}
 r - a scroll of amnesia {unknown}
 u - a scroll of torment {unknown}
 v - 2 scrolls of fear
 z - 2 scrolls of immolation
 D - a scroll of magic mapping
Potions
 f - a potion of attraction
 i - 3 potions of heal wounds
 l - 2 potions of curing
 p - a potion of brilliance
 C - 3 potions of lignification


   Skills:
 + Level 9.4 Fighting
 * Level 11.3 Maces & Flails
 - Level 3.8 Armour
 - Level 4.6 Shields


You had 9 spell levels left.
You didn't know any spells.
Your spell library contained the following spells:

 Spells                   Type           Power      Damage    Failure   Level
 Ensorcelled Hibernation  Hex/Ice        0%         N/A       100%        2
 Passwall                 Tmut/Erth      0%         N/A       100%        2
 Leda's Liquefaction      Hex/Erth       0%         N/A       100%        4
 Lee's Rapid Deconstruct  Erth           0%         3d4*      100%        5
 Statue Form              Tmut/Erth      0%         N/A       100%        6
 Swiftness                Air            Unusable   N/A       N/A         3

Dungeon Overview and Level Annotations

Branches:
Dungeon (8/15)             Temple (0/1) D:4            Lair (0/5) D:8

Altars:
Gozag
Ru
Wu Jian
Xom

Shops:
D:4 (

Annotations:
D:6 1 runed translucent door, 2 transporters, patfeehan111222's ghost, novice MiBe


Innate Abilities, Weirdness & Mutations

You cannot be hasted, slowed, berserked, paralysed or teleported.
You can dig through walls and to a lower floor.
You have a pair of large antennae on your head. (SInv)
You sometimes lose the ability to read scrolls when taking damage.
You are hated by all.
Your four strong arms can wield two-handed weapons with a shield.


Message History

The fire crab begins to attack, but is stunned by your conviction!
A fire crab is nearby!
A fire crab is nearby!
A fire crab is nearby!
A fire crab is nearby!
Okay, then.
It was a potion of attraction.
You feel attractive to monsters.
Press: ? - help, v - describe, . - travel
Here: a fire crab The floor.
You fade into invisibility!
You block the fire crab's attack. The fire crab claws you.
You are engulfed in flames!
You hit the fire crab but do no damage. The fire crab breathes flames at you.
The blast of flame misses you.
You sock the fire crab!
The fire crab is poisoned.
The fire crab is lightly wounded.
You are engulfed in blazing flames.
You feel threatened and lose the ability to read scrolls!
You block the fire crab's attack.
The fire crab claws you but does no damage.
You sock the fire crab!
The fire crab is heavily wounded.
You are engulfed in blazing flames.
You block the fire crab's attack. The fire crab barely misses you.
You catch the helpless fire crab completely off-guard!
You hit the fire crab but do no damage.
The fire crab looks as sick as possible!
The fire crab is severely wounded.
You are engulfed in blazing flames.
* * * LOW HITPOINT WARNING * * *
The fire crab breathes flames at you. The blast of flame misses you.
You hit the fire crab but do no damage.
The fire crab looks as sick as possible!
The fire crab is severely wounded.
You are engulfed in blazing flames.
You die...

....................#..########
###.###.######.#..#.#..##.....##
....(...#.........#.#).#........
.........#.####.#....#..#......##
#...##..<#......####.#.).........
#...##......####..)..............
#...##.#.##...##.#...#.##......##
#...##.#.###.....t.###.##......#
#...##.#.###...#@#.....##.######
#..............#.#.#...##.#
#...........####.#.#...#..#
............# #.#.t..§§...
#.....[.....# #.#..§≈§§≈.
+...........+ ..##§§t≈§§≈
#...........# ### §§≈..≈≈
#...........# .§§.>.§
##'#......... $§§≈§§≈


You could see a fire crab (unable to see you, extremely poisoned).

Vanquished Creatures
  Pikel (D:3)
  Maurice (D:8)
  A wyvern (D:7)
  2 ice beasts
  A sky beast (D:7)
  A black bear (D:6)
  An ogre (D:6)
  A centaur (D:5)
  A lemure (D:3)
  2 bullfrogs (D:7)
  Blork the orc (D:5)
  A gnoll sergeant (D:6)
  4 scorpions
  8 wights
  3 killer bees (D:7)
  3 hounds
  3 jellies
  Crazy Yiuf (D:6)
  3 orc priests
  4 sleepcaps
  6 iguanas
  5 orc wizards
  Robin (D:3)
  12 gnolls
  9 adders
  A shadow imp (D:8)
  An ufetubus (D:6)
  A worm (D:4)
  A dart slug (D:1)
  9 orcs
  4 ball pythons
  6 endoplasms
  6 giant cockroaches
  13 goblins
  7 hobgoblins
  7 jackals
  4 kobolds
  2 quokkas (D:4)
  3 bats
  5 frilled lizards
  4 rats (D:1)
150 creatures vanquished.

Notes
Turn   | Place    | Note
-------+----------+-------------------------------------------
     0 | D:1      | cforsyth the Formicid Fighter began the quest for the Orb.
     0 | D:1      | Reached XP level 1. HP: 18/18 MP: 1/1
    40 | D:1      | Reached XP level 2. HP: 24/24 MP: 2/2
   323 | D:1      | Reached XP level 3. HP: 21/29 MP: 3/3
   889 | D:2      | Reached XP level 4. HP: 36/37 MP: 4/4
  1115 | D:2      | Reached skill level 3 in Maces & Flails
  1169 | D:2      | Found a sacrificial altar of Ru.
  1498 | D:2      | Became a worshipper of Ru the Awakened
  1777 | D:3      | Reached XP level 5. HP: 30/42 MP: 5/5
  1866 | D:3      | Noticed Robin
  2325 | D:3      | Killed Robin
  2885 | D:4      | Reached skill level 4 in Maces & Flails
  2885 | D:4      | Reached XP level 6. HP: 26/49 MP: 6/6
  3108 | D:4      | Gained mutation: You are hated by all. [Ru sacrifice]
  3108 | D:4      | Reached * piety under Ru
  3108 | D:4      | Reached ** piety under Ru
  3212 | D:4      | Reached skill level 5 in Fighting
  3212 | D:4      | Reached skill level 5 in Maces & Flails
  3281 | D:3      | Reached XP level 7. HP: 55/56 MP: 7/7
  3646 | D:4      | Found Qeymnuq's Weapon Emporium.
  3661 | D:4      | Found a shimmering altar of Xom.
  3661 | D:4      | Found a shimmering altar of Xom.
  3663 | D:4      | Found a shimmering altar of Xom.
  3663 | D:4      | Found a shimmering altar of Xom.
  3719 | D:4      | Noticed Pikel
  3789 | D:3      | Killed Pikel
  3790 | D:3      | Reached skill level 7 in Maces & Flails
  3790 | D:3      | Reached XP level 8. HP: 16/65 MP: 8/8
  4082 | D:4      | Found a staircase to the Ecumenical Temple.
  4208 | D:5      | Entered Level 5 of the Dungeon
  4485 | D:5      | Found an ornate altar of the Wu Jian Council.
  4809 | D:5      | Reached skill level 8 in Maces & Flails
  4996 | D:5      | Noticed Blork the orc
  5005 | D:5      | Killed Blork the orc
  5356 | D:6      | Found a runed translucent door.
  5356 | D:6      | Noticed patfeehan111222's ghost (novice MiBe)
  5382 | D:6      | Reached XP level 9. HP: 66/72 MP: 9/9
  5453 | D:6      | Found a sacrificial altar of Ru.
  5597 | D:6      | Reached skill level 9 in Maces & Flails
  5758 | D:6      | Identified the +4 dagger "Ykel" {drain, Fragile rElec
                  | Str+5}
  6062 | D:6      | Gained mutation: You occasionally lose the ability to read
                  | scrolls when taking damage. [Ru sacrifice]
  6062 | D:6      | Gained mutation: You sometimes lose the ability to read
                  | scrolls when taking damage. [Ru sacrifice]
  6062 | D:6      | Reached *** piety under Ru
  6129 | D:6      | Found a transporter.
  6145 | D:6      | Noticed a kobold demonologist
  6164 | D:6      | Found a transporter.
  6330 | D:6      | Found a runed translucent door.
  6331 | D:6      | Noticed Crazy Yiuf
  6759 | D:7      | Reached skill level 10 in Maces & Flails
  7014 | D:7      | Reached XP level 10. HP: 26/82 MP: 10/10
  7346 | D:7      | Found an opulent altar of Gozag.
  7515 | D:6      | Killed Crazy Yiuf
  7520 | D:6      | Identified the +1 hammer "Wetzifau" {venom, rN+ Int-2
                  | Dex+3}
  7918 | D:8      | Noticed Maurice
  7933 | D:8      | Killed Maurice
  7934 | D:8      | Reached skill level 11 in Maces & Flails
  7977 | D:8      | Found a staircase to the Lair.
  7977 | D:8      | Noticed a fire crab
  7991 | D:8      | Engulfed by a fire crab's flame

Illustrated notes

Levels and vault maps discovered:
D:1:      wander_arrival_peaceful_grave, layout_basic, minmay_misc_feat_iff,
          minmay_surrounded
D:2:      layout_basic, basic_altar
D:3:      layout_basic, uniq_robin
D:4:      layout_basic, xom_redecorated, temple_hall, serial_shops,
          nicolae_shop_statue_plus, uniq_pikel
D:5:      layout_loops_corners, mainiacjoe_overflow_boulevard,
          uniq_blork_the_orc
D:6:      gammafunk_wand_slinger, layout_basic, overflow_temple_1_default,
          hellmonk_ghost_happy_afterlife, uniq_crazy_yiuf_cottage
D:7:      layout_rooms, nicolae_gozag_cash_rules_everything_around_me
D:8:      layout_basic, minmay_lair_entry_lava, lemuel_flamethrower_1,
          uniq_maurice

Skill      XL: |  1  2  3  4  5  6  7  8  9 10 |
---------------+-------------------------------+-----
Fighting       | 4 5 6 7 8 9 |  9.4
Maces & Flails | 3 4 5 7 8 10 11 | 11.3
Armour         | |  3.8
Shields        | |  4.6

Action                     |  1- 3 |  4- 6 |  7- 9 | 10-12 || total
---------------------------+-------+-------+-------+-------++-------
  Melee: Flail             |    71 |       |       |       ||    71
         Whip              |     6 |   152 |    95 |       ||   253
         Mace              |       |       |   224 |    55 ||   279
 Invoke: Sacrifice Love    |       |     1 |       |       ||     1
         Sacrifice Words   |       |       |     1 |       ||     1
    Use: Potion            |       |       |     1 |     2 ||     3
         Scroll            |       |       |    14 |       ||    14
   Stab: Confused          |       |       |     1 |       ||     1
         Invisible         |       |       |     1 |     1 ||     2
 Armour: Scale mail        |    37 |    72 |       |       ||   109
         Chain mail        |       |     5 |    91 |    15 ||   111
  Dodge: Dodged            |    47 |    46 |    89 |     7 ||   189
  Block: Buckler           |    19 |    47 |   139 |     4 ||   209
         Reflection        |       |       |     2 |       ||     2
         Kite shield       |       |       |       |    17 ||    17

Table legend: (Time is in decaauts)
 A = Elapsed time spent in this place.
 B = Non-inter-level travel time spent in this place.
 C = Inter-level travel time spent in this place.
 D = Time resting spent in this place.
 E = Time spent auto-exploring this place.
 F = Levels seen in this place.
 G = Mean time per level.
                   A        B        C        D        E       F      G
               +--------+--------+--------+--------+--------+-----+--------+
         Total |   7988 |   7647 |    341 |    357 |   5804 |   8 |  998.5 |
       Dungeon |   7988 |   7647 |    341 |    357 |   5804 |   8 |  998.5 |
               +--------+--------+--------+--------+--------+-----+--------+

Top non-repeatable levels by time:
     D:3: 1478 daAuts
     D:6: 1373 daAuts
     D:5: 1203 daAuts
     D:4: 1097 daAuts
     D:2: 925 daAuts
     D:7: 859 daAuts
     D:1: 715 daAuts
     D:8: 336 daAuts
